[Event "13th Senioren-Cup Tegernsee 2025"]
[Site "Rottach-Egern"]
[Date "2025.04.04"]
[Round "7.2"]
[White "Belke, Frank"]
[Black "Hess, Christian"]
[Result "1-0"]
[Annotator "ChessBase"]
[ECO "D94"]
[WhiteElo "2235"]
[BlackElo "2168"]
[PlyCount "105"]
[EventDate "2025.03.25"]
[EventType "swiss"]
[EventCountry "GER"]
[SourceTitle "playchess.com"]
[Source "ChessBase"]
[SourceQuality "1"]
[TimeControl "7800+30"]

1. d4 d5 2. c4 c6 3. Nf3 Nf6 4. e3 g6 5. Nc3 Bg7 6. Bd3 O-O 7. O-O Bg4 8. h3 Bxf3 9. Qxf3 e6 10. b3 Nbd7 11. Bb2 Re8 12. Rad1 a6 13. Bc2 Qe7 14. Qe2 Rac8 15. Rfe1 Qd6 16. c5 Qb8 17. f4 b6 18. cxb6 Nxb6 19. Bd3 c5 20. Bxa6 cxd4 21. exd4 Qxf4 22. Bxc8 Nxc8 23. Rf1 Qc7 24. Qe5 Qd8 25. Nb5 Ne7 26. Qd6 Nf5 27. Qxd8 Rxd8 28. Rfe1 Ne4 29. g4 Nh4 30. Rd3 Rc8 31. Rc1 Rb8 32. a4 Bh6 33. Rc2 f5 34. Ba3 f4 35. Be7 g5 36. Bd6 Rxb5 37. Rc8+ Kf7 38. Rc7+ Kg6 39. axb5 Nxd6 40. b6 Bg7 41. b7 Nxb7 42. Rxb7 Bxd4+ 43. Kf1 Be3 44. b4 Nf3 45. b5 Ne5 46. Rb3 d4 47. Rb8 d3 48. Rd8 d2 49. b6 Nc6 50. Rdd3 e5 51. Ke2 Kf6 52. b7 Ba7 53. Rd6+ 1-0

[Event "13th Senioren-Cup Tegernsee 2025"]
[Site "Rottach-Egern"]
[Date "2025.04.04"]
[Round "7.3"]
[White "Mareck, Sascha"]
[Black "Pieper, Thomas"]
[Result "0-1"]
[Annotator "ChessBase"]
[ECO "C47"]
[WhiteElo "2112"]
[BlackElo "2178"]
[PlyCount "82"]
[EventDate "2025.03.25"]
[EventType "swiss"]
[EventCountry "GER"]
[SourceTitle "playchess.com"]
[Source "ChessBase"]
[SourceQuality "1"]
[TimeControl "7800+30"]

1. e4 e5 2. Nf3 Nc6 3. d4 exd4 4. Nxd4 Nf6 5. Nc3 Nxe4 6. Nxc6 Nxc3 7. Nxd8 Nxd1 8. Nxf7 Kxf7 9. Kxd1 d5 10. Bf4 Bf5 11. Bd3 Bxd3 12. cxd3 c5 13. Re1 Be7 14. Be5 Rhe8 15. Rc1 Rac8 16. a3 b5 17. Rc2 h5 18. Rce2 g6 19. Re3 g5 20. h3 a5 21. g4 h4 22. f4 a4 23. Rf3 Kg6 24. f5+ Kf7 25. f6 Bf8 26. Bc3 b4 27. Rxe8 Rxe8 28. Bd2 bxa3 29. bxa3 Rb8 30. d4 c4 31. Bxg5 Rb3 32. Rxb3 axb3 33. a4 c3 34. a5 c2+ 35. Kd2 Bb4+ 36. Kd3 Bxa5 37. Bc1 Kxf6 38. Bb2 Bb4 39. Bc1 Kg6 40. Bb2 Ba5 41. Bc1 Bd8 0-1

[Event "13th Senioren-Cup Tegernsee 2025"]
[Site "Rottach-Egern"]
[Date "2025.04.04"]
[Round "7.4"]
[White "Loew, Gerald"]
[Black "Wille, Thomas"]
[Result "1-0"]
[Annotator "ChessBase"]
[ECO "A11"]
[WhiteElo "2175"]
[BlackElo "2110"]
[PlyCount "65"]
[EventDate "2025.03.25"]
[EventType "swiss"]
[EventCountry "GER"]
[SourceTitle "playchess.com"]
[Source "ChessBase"]
[SourceQuality "1"]
[TimeControl "7800+30"]

1. c4 c6 2. Nf3 Nf6 3. Nc3 d5 4. e3 e6 5. b3 Nbd7 6. Qc2 Be7 7. Bb2 O-O 8. d4 Qa5 9. Bd3 dxc4 10. bxc4 c5 11. O-O cxd4 12. exd4 Ba3 13. Bxa3 Qxa3 14. c5 Qa5 15. Rab1 a6 16. Na4 Qc7 17. Rfe1 h6 18. h3 Rd8 19. Bc4 Rb8 20. Qb3 Qc6 21. Nb6 Nxb6 22. Qxb6 Bd7 23. Ne5 Qxb6 24. Rxb6 Bb5 25. Bxb5 axb5 26. Rxb5 Nd7 27. Nc4 Ra8 28. Rxb7 Nb8 29. Ne5 Rxa2 30. Nxf7 Rxd4 31. Nxh6+ gxh6 32. Rxb8+ Kf7 33. Rb7+ 1-0

[Event "13th Senioren-Cup Tegernsee 2025"]
[Site "Rottach-Egern"]
[Date "2025.04.04"]
[Round "7.5"]
[White "Cordts, Ingo"]
[Black "Polster, Wolfgang"]
[Result "1-0"]
[Annotator "ChessBase"]
[ECO "A86"]
[WhiteElo "2151"]
[BlackElo "2106"]
[PlyCount "49"]
[EventDate "2025.03.25"]
[EventType "swiss"]
[EventCountry "GER"]
[SourceTitle "playchess.com"]
[Source "ChessBase"]
[SourceQuality "1"]
[TimeControl "7800+30"]

1. d4 c6 2. c4 f5 3. Nc3 Nf6 4. g3 g6 5. Bg2 Bg7 6. d5 d6 7. Nh3 Bd7 8. Nf4 Na6 9. h4 Nc5 10. h5 Ng4 11. hxg6 hxg6 12. Rxh8+ Bxh8 13. Nxg6 Bxc3+ 14. bxc3 Qb6 15. Qd4 Kf7 16. Nh4 Qa5 17. Bb2 Rg8 18. Qf4 Ne5 19. Kf1 Ke8 20. dxc6 bxc6 21. Bh3 Kd8 22. Bxf5 Rf8 23. Qg5 Nxc4 24. Bc1 Ne4 25. Bxe4 1-0

[Event "13th Senioren-Cup Tegernsee 2025"]
[Site "Rottach-Egern"]
[Date "2025.04.04"]
[Round "7.6"]
[White "Lindam, Ingo"]
[Black "Oechslein, Rainer"]
[Result "1/2-1/2"]
[Annotator "ChessBase"]
[ECO "C10"]
[WhiteElo "2151"]
[BlackElo "2070"]
[PlyCount "78"]
[EventDate "2025.03.25"]
[EventType "swiss"]
[EventCountry "GER"]
[SourceTitle "playchess.com"]
[Source "ChessBase"]
[SourceQuality "1"]
[TimeControl "7800+30"]

1. d4 e6 2. e4 d5 3. Nd2 dxe4 4. Nxe4 Nd7 5. Nf3 Be7 6. Bd3 Ngf6 7. O-O O-O 8. Re1 b6 9. Ne5 Bb7 10. Ng5 g6 11. c4 Nxe5 12. dxe5 Nd7 13. Nf3 Nc5 14. Bc2 Qxd1 15. Rxd1 Bxf3 16. gxf3 Rfd8 17. Be3 a5 18. f4 Kf8 19. Kg2 Ke8 20. Kf3 Rxd1 21. Rxd1 Rd8 22. Rxd8+ Kxd8 23. a3 f5 24. exf6 Bxf6 25. b4 axb4 26. axb4 Na6 27. b5 Nc5 28. Bxc5 bxc5 29. Ke4 Ke7 30. h3 Bh4 31. f3 Bf6 32. Ke3 Bd4+ 33. Ke4 Bf6 34. Bd1 Bd4 35. Bc2 Bf6 36. Kd3 Bd4 37. Ke4 Bf6 38. Bd1 Bh4 39. Bc2 Bf6 1/2-1/2

[Event "13th Senioren-Cup Tegernsee 2025"]
[Site "Rottach-Egern"]
[Date "2025.04.04"]
[Round "7.8"]
[White "Kannenberg, Karl-Heinz"]
[Black "Marentini, Marcel"]
[Result "1/2-1/2"]
[Annotator "NA"]
[ECO "C02"]
[WhiteElo "2113"]
[BlackElo "2036"]
[PlyCount "22"]
[EventDate "2025.03.25"]
[EventType "swiss"]
[EventCountry "GER"]
[SourceTitle "playchess.com"]
[Source "ChessBase"]
[SourceQuality "1"]
[TimeControl "7800+30"]

1. e4 c5 2. c3 e6 3. Nf3 Nc6 4. d4 d5 5. e5 Bd7 6. a3 c4 7. g3 Na5 8. Nbd2 Bc6 9. h4 h6 10. Bg2 Qd7 11. h5 O-O-O 1/2-1/2

[Event "13th Senioren-Cup Tegernsee 2025"]
[Site "Rottach-Egern"]
[Date "2025.04.04"]
[Round "7.9"]
[White "Pollmann, Sascha"]
[Black "Kolthoff, Siegmund"]
[Result "1/2-1/2"]
[Annotator "NA"]
[ECO "D02"]
[WhiteElo "2071"]
[BlackElo "2121"]
[PlyCount "29"]
[EventDate "2025.03.25"]
[EventType "swiss"]
[EventCountry "GER"]
[SourceTitle "playchess.com"]
[Source "ChessBase"]
[SourceQuality "1"]
[TimeControl "7800+30"]

1. Nf3 d5 2. g3 c6 3. Bg2 Bg4 4. d4 Nd7 5. h3 Bh5 6. c4 e6 7. O-O Ngf6 8. cxd5 exd5 9. Qb3 Qb6 10. Qe3+ Be7 11. Nh4 Bg6 12. Nc3 Qd8 13. Nxg6 hxg6 14. Qd3 O-O 15. h4 1/2-1/2

[Event "13th Senioren-Cup Tegernsee 2025"]
[Site "Rottach-Egern"]
[Date "2025.04.04"]
[Round "7.10"]
[White "Hafner, Robert"]
[Black "Schrems, Hermann"]
[Result "1-0"]
[Annotator "NA"]
[ECO "D05"]
[WhiteElo "2011"]
[BlackElo "2114"]
[PlyCount "51"]
[EventDate "2025.03.25"]
[EventType "swiss"]
[EventCountry "GER"]
[SourceTitle "playchess.com"]
[Source "ChessBase"]
[SourceQuality "1"]
[TimeControl "7800+30"]

1. d4 d5 2. Nf3 Nf6 3. e3 e6 4. Be2 c5 5. O-O Nc6 6. b3 Bd6 7. dxc5 Bxc5 8. Bb2 O-O 9. Nbd2 a6 10. c4 Re8 11. a3 Bf8 12. b4 Bd7 13. Qb3 Rc8 14. Rac1 dxc4 15. Nxc4 Nd5 16. Rfd1 b5 17. Nce5 Nxe5 18. Nxe5 Rxc1 19. Bxc1 Qc7 20. Nxd7 Qxd7 21. e4 Qc7 22. exd5 exd5 23. Bf3 Qe5 24. Qe3 Qb8 25. Qd4 Bd6 26. g3 1-0